 Dungeon Crawl Stone Soup version 0.27.1-3-gb3d3a73c9e (webtiles) character file.

Game seed: 11899050678207210468

37 CuBeRJAN3 the Skirmisher (level 3, -2/24 HPs)
             Began as a Gargoyle Berserker on Oct 6, 2021.
             Was a Follower of Trog.
             Slain by Natasha (6 damage)
             ... on level 2 of the Dungeon.
             The game lasted 00:02:48 (2042 turns).

CuBeRJAN3 the Skirmisher (Gargoyle Berserker)       Turns: 2042, Time: 00:02:49

Health: -2/24      AC:  7    Str: 21    XL:     3   Next: 39%
Magic:  3/3        EV: 12    Int:  7    God:    Trog [*.....]
Gold:   16         SH:  0    Dex:  9    Spells: 2/2 levels left

rFire    . . .     SeeInvis .   a - +0 mace
rCold    . . .     Faith    .   (no shield)
rNeg     + . .     Spirit   .   b - +0 animal skin
rPois    ∞         Reflect  .   (no helmet)
rElec    +         Harm     .   (no cloak)
rCorr    .         Rampage  .   (no gloves)
Will     .....                  p - +1 pair of boots
Stlth    +.........             (no amulet)
HPRegen  0.08/turn              (no ring)
MPRegen  0.08/turn              (no ring)

@: slowed, very slow
A: sickness immunity, AC +3, negative energy resistance 1, electricity
resistance, torment resistance 1, petrification resistance
a: Renounce Religion, Berserk


You were on level 2 of the Dungeon.
You worshipped Trog.
Trog was aware of your devotion.
You visited 1 branch of the dungeon, and saw 2 of its levels.

You collected 49 gold pieces.
You spent 33 gold pieces at shops.

Inventory:

Hand Weapons
 a - a +0 mace (weapon)
Armour
 b - a +0 animal skin (worn)
 p - a +1 pair of boots (worn)
Jewellery
 c - a ring of positive energy
 e - a +4 ring of slaying
Scrolls
 f - 2 scrolls of blinking {unknown}
 k - 3 scrolls of identify {unknown}
 l - a scroll of enchant armour {unknown}
 o - a scroll of teleportation
Potions
 d - a potion of magic {unknown}
 g - a potion of ambrosia {unknown}
 h - a potion of heal wounds {unknown}
 i - a potion of curing {unknown}
 j - 2 potions of invisibility {unknown}
 m - a potion of brilliance {unknown}
 n - a potion of lignification {unknown}


   Skills:
 * Level 3.8 Fighting
 * Level 3.5 Maces & Flails
 + Level 2.5 Armour
 + Level 1.9 Dodging


You had 2 spell levels left.
You didn't know any spells.
Your spell library was empty.

Dungeon Overview and Level Annotations

Branches:
Dungeon (2/15)

Altars:

Shops:
D:2 *

Annotations:
D:2 Natasha


Innate Abilities, Weirdness & Mutations

You are immune to sickness and miasma.
Your stone body is resilient. (AC +3)
You are immune to poison.
You resist negative energy. (rN+)
You are resistant to electric shocks. (rElec)
You are resistant to unholy torment.
You are immune to petrification.


Message History

Natasha is heavily wounded.
Natasha casts a spell at you.
You feel yourself slow down. Natasha casts a spell at you.
You feel as though you will be slow longer.
You hit Natasha but do no damage.
Natasha is heavily wounded.
Natasha misses you.
The white imp hits you but does no damage.
Natasha barely misses you. The white imp barely misses you.
You hit Natasha.
Natasha is heavily wounded.
Natasha misses you. Natasha barely misses you.
The white imp hits you but does no damage.
Natasha closely misses you.
The white imp hits you but does no damage.
You closely miss Natasha.
Natasha is heavily wounded.
Natasha closely misses you. Natasha claws you.
The white imp closely misses you.
Natasha mumbles some strange words.
You feel troubled. Natasha claws you. The white imp closely misses you.
You barely miss Natasha.
Natasha is heavily wounded.
Natasha barely misses you. Natasha claws you but does no damage.
The white imp gestures at you. The puff of frost hits you!
Natasha barely misses you.
The white imp hits you but does no damage.
Unknown command.
Natasha claws you.
The white imp disappears in a puff of smoke!
Natasha barely misses you. Natasha casts a spell at you.
You resist with significant effort. Natasha claws you.
* * * LOW HITPOINT WARNING * * *
Natasha mumbles some strange words.
Natasha claws you.
You die...

### .. #.
#.##################
#..........(..##...# #
#...5.....###.##...#
#####.##........###.##...###
#....>.†....................
#.###..#..h@......#.##...###
#..#######.##...##...# ....
#.##..###...# .....
#.##.....#### .......
#.#........# .......
#<#.#......# .......
#.#.#......# #.#........#
#.###......#


You could see an iron imp (summoned) and Natasha (fast).

Vanquished Creatures
  A worm (D:2)
  3 ball pythons
  2 endoplasms
  2 giant cockroaches (D:1)
  A goblin (D:1)
  4 hobgoblins
  3 jackals (D:1)
  2 quokkas (D:1)
  5 bats
  3 frilled lizards
  3 kobolds (D:1)
  3 rats
32 creatures vanquished.

Vanquished Creatures (others)
  2 plants (D:1)
2 creatures vanquished.

Grand Total: 34 creatures vanquished

Notes
Turn   | Place    | Note
-------+----------+-------------------------------------------
     0 | D:1      | CuBeRJAN3 the Gargoyle Berserker began the quest for the
                  | Orb.
     0 | D:1      | Reached XP level 1. HP: 14/14 MP: 1/1
   247 | D:1      | Reached XP level 2. HP: 19/19 MP: 2/2
   462 | D:1      | Found a faded altar of an unknown god.
  1227 | D:1      | Reached XP level 3. HP: 24/24 MP: 3/3
  1768 | D:2      | Found Ifeazexu's General Store.
  1771 | D:2      | Bought a scroll of teleportation for 33 gold pieces
  2028 | D:2      | Noticed Natasha
  2042 | D:2      | Slain by Natasha

Illustrated notes

Levels and vault maps discovered:
D:1:      minmay_arrival_four_houses, layout_loops_corners,
          shapermc_ecumenical_altar_mp_ritualfount
D:2:      layout_basic, serial_shops, nicolae_shop_behind_doors,
          minmay_pentomino_v2, uniq_natasha

Action                   || total
-------------------------++-------
Melee: Mace              ||   115
Armor: Animal skin       ||    53
Dodge: Dodged            ||   108
